 Dungeon Crawl Stone Soup version 0.29.1-12-g30fa7ad0bf (webtiles) character file.

Game seed: 1803877203849563879

185594 KittyFluff the Peltast (level 18, -8/114 HPs)
             Began as a Gargoyle Berserker on Dec 30, 2022.
             Was the Champion of Trog.
             Shot with an arrow by a centaur warrior (22 damage)
             ... on level 1 of the Shoals.
             The game lasted 03:19:57 (32848 turns).

KittyFluff the Peltast (Gargoyle Berserker)        Turns: 32848, Time: 03:19:58

Health: -8/114     AC:  0    Str: 26    XL:     18   Next: 3%
Magic:  18/18      EV: 17    Int:  6    God:    Trog [******]
Gold:   980        SH:  5    Dex: 14    Spells: 17/17 levels left

rFire   . . .      SeeInvis .   (weapon currently unavailable)
rCold   . . .      Faith    .   (shield currently unavailable)
rNeg    + . .      Spirit   .   (body armour currently unavailable)
rPois   ∞          Reflect  +   (helmet currently unavailable)
rElec   .          Harm     .   (cloak currently unavailable)
rCorr   .          Rampage  .   (gloves currently unavailable)
Will    +....                   (boots currently unavailable)
Stlth   +++.......              x - amulet of reflection
HPRegen 0.29/turn               (ring currently unavailable)
MPRegen 0.16/turn               (ring currently unavailable)

@: about to teleport, pig-form, very quick
A: fast, no casting, sickness immunity, AC +13, small, (big wings), negative
energy resistance 1, (electricity resistance), torment resistance 1,
petrification resistance, (talons 1), dopey 1, strong 1
}: 1/15 runes: gossamer
a: Renounce Religion, Berserk, Trog's Hand, Brothers in Arms


You were on level 1 of the Shoals.
You worshipped Trog.
Trog was exalted by your worship.
You were a filthy swine.
You visited 5 branches of the dungeon, and saw 27 of its levels.
You also visited: Ice Cave.

You collected 3213 gold pieces.
You spent 2233 gold pieces at shops.

Inventory:

Hand Weapons
 a - a +6 antimagic demon whip
 f - a +4 eveningstar of flaming
 L - a +0 hand crossbow of venom
 R - a +7 eveningstar of protection (melded)
Missiles
 j - 36 boomerangs (quivered)
 m - 49 poisoned darts
 S - 7 curare-tipped darts
 V - 23 atropa-tipped darts
 Z - 6 javelins
Armour
 g - a +2 pair of boots (melded)
 i - the +2 hat of the Nexus (melded) {*Corrode Will+ Dex+3}
   (You found it on level 4 of the Spider Nest)

   Dex:       It affects your dexterity (+3).
   *Corrode:  It may corrode you when you take damage.
   Will:      It increases your willpower.
 s - +0 acid dragon scales
 w - a +0 kite shield (melded)
 F - a +1 pair of gloves (melded)
 H - a +1 chain mail of fire resistance
 N - a +2 plate armour of cold resistance
 T - a +2 cloak (melded)
 Y - the +8 chain mail of Riryist (melded) {Regen+}
   (You bought it in a shop on level 2 of the Orcish Mines)

   Regen:     It increases your rate of health regeneration.
Jewellery
 n - a +6 ring of strength (melded)
 t - a +4 ring of evasion
 u - a ring of willpower
 x - an amulet of reflection (around neck)
 z - the ring of Pidec {rPois Str-2 Int+5 SInv}
   (You bought it in a shop on level 2 of the Orcish Mines)

   [ring of see invisible]

   Str:       It affects your strength (-2).
   Int:       It affects your intelligence (+5).
   rPois:     It protects you from poison.
   SInv:      It lets you see invisible.
 E - a +6 ring of dexterity (melded)
 P - a ring of protection from cold
 W - a ring of protection from fire
 X - the amulet of Exefea {RegenMP Fragile +Inv Int+3}
   (You found it on level 7 of the Dungeon)

   [amulet of magic regeneration]

   It increases your rate of magic regeneration.
   Int:       It affects your intelligence (+3).
   +Inv:      It lets you turn invisible.
   Fragile:   It will be destroyed if unequipped.
Wands
 h - a wand of roots (19)
 p - a wand of mindburst (20)
 q - a wand of digging (8)
 v - a wand of charming (12)
 y - a wand of flame (16)
 U - a wand of quicksilver (15)
Scrolls
 c - 10 scrolls of enchant armour
 k - 4 scrolls of blinking
 o - 5 scrolls of butterflies
 B - 2 scrolls of teleportation
 C - 4 scrolls of poison
 D - 4 scrolls of immolation
 G - 4 scrolls of enchant weapon
 J - 2 scrolls of magic mapping
 M - 2 scrolls of fear
Potions
 b - 7 potions of mutation
 d - 5 potions of attraction
 e - 2 potions of ambrosia
 l - 4 potions of heal wounds
 r - 4 potions of cancellation
 A - 3 potions of invisibility
 I - 5 potions of might
 K - 2 potions of resistance
 O - 6 potions of curing
 Q - 8 potions of haste


   Skills:
 + Level 13.2 Fighting
 * Level 16.5 Maces & Flails
 + Level 8.8 Ranged Weapons
 * Level 5.4 Throwing
 * Level 15.1 Armour
 + Level 7.2 Dodging
 + Level 4.5 Stealth
 + Level 18.1 Shields


You had 17 spell levels left.
You didn't know any spells.
Your spell library was empty.

Dungeon Overview and Level Annotations

Branches:
Dungeon (15/15)            Temple (0/1) D:6            Lair (5/5) D:9
 Shoals (1/4) Lair:3       Spider (4/4) Lair:2        Slime (0/5) Lair:5
    Orc (2/2) D:9             Elf (0/3) Orc:2        Vaults (0/5) D:14
 Depths (0/4) D:15          IceCv (visited)

Altars:
Ashenzari
Cheibriados
Elyvilon
Fedhas
Gozag
Hepliaklqana
Kikubaaqudgha
Makhleb
Okawaru
Qazlal
Sif Muna
Uskayaw
Vehumet
Wu Jian
Yredelemnul
Zin
The Shining One
Jiyva
Lugonu

Shops:
D:2 *   D:5 *   Orc:1 ?   Orc:2 *([*(

Portals:
Abyss: D:10

Annotations:
D:10 2 transporters, Unforgiven's ghost, journeyman DrFi
Shoals:1 Kirke


Innate Abilities, Weirdness & Mutations

You are a filthy swine.
You move quickly.
Your equipment is almost entirely melded.
You are incapable of wielding weapons or throwing items.
You cannot cast spells.
You are immune to sickness and miasma.
((Your stone body is resilient. (AC +13)))
You are immune to poison.
((Your large and strong wings let you fly.))
You resist negative energy. (rN+)
((You are resistant to electric shocks. (rElec)))
You are resistant to unholy torment.
You are immune to petrification.
((You have sharp toenails.))
You are dopey. (Int -2)
Your muscles are strong. (Str +4, Int/Dex -1)


Message History

You barely miss Kirke.
Kirke is moderately wounded.
The centaur warrior shouts!
The centaur warrior unwields a +2 great sword of holy wrath.
It stops glowing.
The centaur warrior wields a +0 shortbow.
The centaur warrior shoots an arrow.
The arrow closely misses you.
The hog splashes around in the water.
Kirke casts a spell at you.
You turn into a filthy swine.
Your +7 eveningstar of protection melds into your body.
Your +2 cloak melds into your body.
The +2 hat of the Nexus {*Corrode Will+ Dex+3} melds into your body.
Your +1 pair of gloves melds into your body.
Your +2 pair of boots melds into your body.
Your +0 kite shield melds into your body.
The +8 chain mail of Riryist {Regen+} melds into your body.
Your +6 ring of strength melds into your body.
Your +6 ring of dexterity melds into your body.
Your +7 eveningstar of protection goes still.
You feel weaker.
You feel clumsy.
Splash!
You fall into the shallow water.
Moving in this stuff is going to be slow.
You barely miss Kirke.
Kirke is heavily wounded.
The lindwurm closely misses you. You block the lindwurm's attack.
The lindwurm claws you. The hog completely misses you.
The centaur warrior shoots an arrow.
The arrow hits you!!
Your unstable footing causes you to fumble your attack.
You block Kirke's attack.
The centaur warrior shoots an arrow.
The arrow closely misses you. The lindwurm bites you!!
The lindwurm closely misses you. The lindwurm claws you. The hog bites you!
The lindwurm breathes flames at you. The blast of flame hits you!!
* * * LOW HITPOINT WARNING * * *
As you read the scroll of teleportation, it crumbles to dust.
You feel strangely unstable.
The centaur warrior shoots an arrow.
The arrow hits you!!
You die...

≈≈≈~~.............~≈~~..~~~~~~~~~
≈≈≈~~......)....~..≈≈~c~~~~~~~~~~
≈≈≈≈~~~............~≈~.~~~~~~~~~~
≈≈≈≈~~~~......##h≈≈≈≈....~~~~~~~~
≈≈≈≈~).~~~..#..#h≈≈≈≈Y..~~~≈≈≈≈≈~
≈≈≈≈≈~~~~~..##.h~≈≈≈≈≈~~~~~~~...≈
≈≈≈≈~~~~~~~....hh≈≈≈≈~~~~~~~~...~
≈≈≈≈~~~~~~~...kk@~Y~~~~~~~~.###[~
≈≈≈≈≈~~~~~~~.~~.h..~~~~≈~~~.# #.÷
≈≈≈≈≈~~.~~~~~~~~~..~~~≈≈~~~.###<~
≈≈≈≈~~...~~~~~~~~~§~~)≈≈≈~~~..÷.~
≈≈≈≈~~...~~~~~~~~~~§~≈≈≈≈~~~~~~~~
≈≈≈≈≈~~..)~~~~~~~~~~)≈≈≈≈~~~~~~~~
≈≈≈≈≈~~~~~~~~~~~≈≈~≈≈≈≈≈≈≈≈~~~~~~
≈≈≈≈≈≈~~~~~~≈≈≈≈≈≈≈≈≈≈≈≈≈≈≈≈≈≈≈~~
≈≈≈≈≈≈≈≈≈≈≈≈≈≈≈≈≈≈≈≈≈≈≈≈≈≈≈≈≈≈≈≈~
≈≈≈≈≈≈≈≈≈≈≈≈≈≈≈≈≈≈≈≈≈≈≈≈≈≈≈≈≈≈≈≈≈


You could see Kirke (very poisoned), a centaur warrior, 2 lindwurms, 5 hogs and
2 dream sheep.

Vanquished Creatures
  Nikola (Spider:3)
  Arachne (Spider:4)
  Asterion (Spider:4)
  A rockslime (IceCv)
  3 azure jellies (IceCv)
  2 orc warlords (Orc:2)
  5 ghost moths (Spider:4)
  4 emperor scorpions
  3 quicksilver oozes (IceCv)
  4 entropy weavers
  An ettin (Orc:2)
  3 spark wasps (Spider:4)
  Harold (D:11)
  4 vault guards (D:14)
  An ice dragon (Spider:1)
  2 fire dragons (Lair:5)
  4 boulder beetles
  2 catoblepae
  10 hydras
  9 two-headed ogres
  A merfolk avatar (Shoals:1)
  2 jorogumos (Spider:4)
  2 ogre magi
  A death knight (D:15)
  2 radroaches
  4 centaur warriors
  A tengu warrior (D:15)
  A merfolk aquamancer (Lair:3)
  9 death yaks
  An orc high priest (Orc:2)
  4 skeletal warriors (D:13)
  Nergalle (Lair:3)
  3 sun moths
  A pharaoh ant (Spider:2)
  An orange crystal statue (IceCv)
  5 steelbarb worms
  12 orb spiders
  A sea snake (Shoals:1)
  A swamp dragon (Lair:5)
  A deep elf zephyrmancer (D:15)
  2 lindwurms (Lair:5)
  Pikel (D:5)
  2 deep elf pyromancers
  A necromancer (D:15)
  17 wolf spiders
  5 harpies
  9 orc knights
  5 ugly things
  3 fauns (Shoals:1)
  9 orc sorcerers
  5 cyclopes
  5 manticores
  2 moths of wrath
  A naga mage (D:15)
  2 black mambas
  An elephant (Lair:3)
  7 cane toads
  Maurice (D:11)
  A guardian serpent (D:11)
  A centaur zombie (D:15)
  5 gargoyles
  7 torpor snails
  3 centaur skeletons (D:15)
  An unseen horror (D:9)
  9 komodo dragons
  8 demonic crawlers
  3 kobold demonologists
  6 rime drakes
  4 meliai
  3 polar bears
  6 merfolk (Shoals:1)
  3 tyrant leeches (Lair:5)
  17 tarantellas
  7 saltlings (Orc:2)
  7 trolls
  20 blink frogs
  12 dream sheep
  15 hornets
  23 slime creatures
  4 small abominations (D:9)
  3 shadows
  A water elemental (Lair:3)
  18 jumping spiders
  18 culicivoras
  2 wraiths
  2 hogs (Shoals:1)
  44 yaks
  A human (D:14)
  6 wyverns
  7 basilisks
  4 vampire mosquitoes (D:13)
  3 steam dragons
  Edmund (D:8)
  23 redbacks
  A warg (Orc:2)
  3 acid dragons
  12 water moccasins
  A large abomination (D:9)
  2 ice beasts
  29 orc warriors
  6 great orb of eyes simulacra (IceCv)
  2 black bears
  3 sky beasts
  12 centaurs
  5 wolves
  4 boggarts (D:15)
  5 ogres
  5 slime creature simulacra (IceCv)
  A phantom (D:7)
  4 kobold brigands
  A gnoll sergeant (D:7)
  14 bullfrogs
  3 necrophages
  11 scorpions
  7 glowing shapeshifter simulacra (IceCv)
  A hornet simulacrum (D:15)
  6 wights
  8 howler monkeys
  2 electric eels
  6 hounds
  21 orc priests
  A jelly (D:4)
  34 orc wizards
  6 iguanas
  Ijyb (D:4)
  Robin (D:3)
  9 gnolls
  2 adders (D:2)
  A shadow imp (D:7)
  3 white imps
  2 ufetubi
  3 worms
  13 dart slugs
  78 orcs
  7 bats
  6 endoplasms
  4 giant cockroaches
  11 goblins
  8 hobgoblins
  4 jackals (D:2)
  A quokka (D:5)
  4 ball pythons
  2 frilled lizards (D:1)
  20 kobolds
  6 rats
  A pillar of salt (Orc:2)
895 creatures vanquished.

Vanquished Creatures (collateral kills)
  An orc (D:13)
1 creature vanquished.

Vanquished Creatures (others)
  Mlioglotl (Spider:4)
  A tarantella (Spider:1)
  A bush (Lair:2)
  38 fungi
  13 pillars of salt (Orc:2)
  89 plants
143 creatures vanquished.

Grand Total: 1039 creatures vanquished

Notes
Turn   | Place    | Note
-------+----------+-------------------------------------------
     0 | D:1      | KittyFluff the Gargoyle Berserker began the quest for the
                  | Orb.
     0 | D:1      | Reached XP level 1. HP: 14/14 MP: 1/1
   330 | D:1      | Reached XP level 2. HP: 19/19 MP: 2/2
   889 | D:1      | Reached XP level 3. HP: 18/24 MP: 3/3
  1135 | D:2      | Reached ** piety under Trog
  1208 | D:2      | Found Popypn's Assorted Antiques.
  1277 | D:2      | Reached XP level 4. HP: 10/29 MP: 4/4
  2307 | D:3      | Noticed Robin
  2316 | D:3      | Killed Robin
  2317 | D:3      | Reached XP level 5. HP: 24/33 MP: 5/5
  2550 | D:3      | Found a faded altar of an unknown god.
  3201 | D:4      | Reached skill level 1 in Shields
  3201 | D:4      | Reached XP level 6. HP: 36/38 MP: 6/6
  3204 | D:4      | Noticed Ijyb
  3212 | D:4      | Killed Ijyb
  3212 | D:4      | Reached *** piety under Trog
  3306 | D:4      | Noticed a +0 short sword
  3306 | D:4      | Noticed a +0 spear
  3307 | D:4      | Noticed a +0 falchion
  3307 | D:4      | Noticed a +0 short sword
  3307 | D:4      | Noticed a +0 falchion
  3308 | D:4      | Noticed a +0 spear
  3308 | D:4      | Noticed a +0 dagger
  3315 | D:4      | Noticed a +0 dagger
  3322 | D:4      | Found a hide-covered altar of Uskayaw.
  3413 | D:4      | Reached skill level 5 in Maces & Flails
  3433 | D:4      | Reached skill level 1 in Stealth
  4109 | D:4      | Reached skill level 2 in Shields
  4109 | D:4      | Reached XP level 7. HP: 42/43 MP: 7/7
  4223 | D:2      | Bought a shiny scale mail for 168 gold pieces
  4223 | D:2      | Bought a scroll labelled ZUNUERHIABU for 24 gold pieces
  4282 | D:5      | Entered Level 5 of the Dungeon
  4394 | D:5      | Reached skill level 3 in Shields
  4630 | D:5      | Reached **** piety under Trog
  4631 | D:5      | Reached skill level 1 in Throwing
  4631 | D:5      | Reached XP level 8. HP: 42/48 MP: 8/8
  4647 | D:5      | Noticed Edmund
  4679 | D:5      | Noticed Pikel
  4687 | D:5      | Killed Pikel
  4688 | D:5      | Reached skill level 5 in Armour
  4688 | D:5      | Reached skill level 4 in Shields
  4716 | D:5      | Found an opulent altar of Gozag.
  4800 | D:5      | Found Vooxzuwawk's Lightly-Used Armoury.
  4812 | D:5      | Bought a -2 hand crossbow for 1 gold piece
  4854 | D:6      | Found a white marble altar of Elyvilon.
  4862 | D:6      | You fall into a shaft and drop 3 floors!
  4865 | D:9      | Noticed a hornet
  4878 | D:9      | Killed a hornet
  4879 | D:9      | Reached skill level 5 in Shields
  4905 | D:9      | Noticed a two-headed ogre
  4916 | D:9      | Killed a two-headed ogre
  4917 | D:9      | Reached skill level 5 in Fighting
  4917 | D:9      | Reached skill level 6 in Shields
  4917 | D:9      | Reached XP level 9. HP: 54/54 MP: 9/9
  5150 | D:7      | Found a glowing silver altar of Zin.
  5392 | D:7      | Reached skill level 7 in Shields
  5442 | D:7      | Reached XP level 10. HP: 49/59 MP: 10/10
  5448 | D:7      | Noticed a two-headed ogre
  5456 | D:7      | Killed a two-headed ogre
  5457 | D:7      | Reached skill level 8 in Shields
  5501 | D:7      | Identified the +11 halberd of Dithmenos, Hurling {drain,
                  | rF- MP+9 Int+6 SInv}
  5508 | D:7      | Noticed an eight-headed hydra
  5717 | D:7      | Killed an eight-headed hydra
  5890 | D:7      | Found a radiant altar of Vehumet.
  6067 | D:6      | Found a staircase to the Ecumenical Temple.
  6240 | D:6      | Found a shimmering blue altar of Sif Muna.
  6282 | D:6      | Found a glowing golden altar of the Shining One.
  6284 | D:6      | Noticed an angel
  6299 | D:6      | Found a basalt altar of Yredelemnul.
  6450 | D:6      | Found a burning altar of Makhleb.
  6586 | D:6      | Reached skill level 9 in Shields
  7176 | D:7      | Reached ***** piety under Trog
  7398 | D:7      | Found a hazy altar of Hepliaklqana.
  7457 | D:7      | Identified the amulet of Exefea {RegenMP Fragile +Inv
                  | Int+3}
  7461 | D:7      | Noticed a brown ugly thing
  7492 | D:7      | Noticed a purple ugly thing
  7493 | D:7      | Identified the +9 flail of Internal Strife {drain, Int+4}
  7511 | D:7      | Killed a brown ugly thing
  7517 | D:7      | Killed a brown ugly thing
  7518 | D:7      | Reached skill level 10 in Maces & Flails
  7518 | D:7      | Reached XP level 11. HP: 24/64 MP: 11/11
  8170 | D:8      | Killed Edmund
  8214 | D:8      | Found a broken altar of Ashenzari.
  8680 | D:9      | Found an ornate altar of the Wu Jian Council.
  8713 | D:9      | Found a staircase to the Lair.
  8849 | D:9      | Found a transporter.
  8868 | D:9      | Found a staircase to the Orcish Mines.
  8928 | D:9      | Noticed a green ugly thing
  8930 | D:9      | Noticed a white ugly thing
  8931 | D:9      | Found a transporter.
  8931 | D:9      | Noticed a brown ugly thing
  8932 | D:9      | Found a corrupted altar of Lugonu.
  8953 | D:9      | Found a blossoming altar of Fedhas.
  8967 | D:9      | Found a stormy altar of Qazlal.
  9016 | D:10     | Entered Level 10 of the Dungeon
  9131 | D:10     | Received a gift from Trog
  9190 | D:10     | Reached skill level 10 in Shields
  9318 | D:10     | Found a one-way gate to the infinite horrors of the Abyss.
  9318 | D:10     | Noticed Unforgiven's ghost (journeyman DrFi)
  9318 | D:10     | Noticed a rakshasa
  9321 | D:10     | Noticed a cyan ugly thing
  9364 | D:10     | Found a transporter.
  9374 | D:10     | Found a transporter.
  9467 | D:10     | Identified the +7 rapier of Inynuf {drain, rN+ Str+2 Int-5
                  | Dex+2}
 10228 | D:11     | Noticed Harold
 10267 | Lair:1   | Entered Level 1 of the Lair of Beasts
 10375 | Lair:1   | Reached XP level 12. HP: 72/72 MP: 12/12
 10390 | Lair:1   | Found an ancient bone altar of Kikubaaqudgha.
 11329 | Lair:1   | Reached skill level 11 in Shields
 11553 | Lair:2   | Found a hole to the Spider Nest.
 11710 | Lair:2   | Noticed an eight-headed hydra
 11718 | Lair:2   | Killed an eight-headed hydra
 11719 | Lair:2   | Reached skill level 10 in Armour
 12282 | Lair:3   | Reached skill level 12 in Shields
 12331 | Lair:3   | Noticed a boulder beetle
 12331 | Lair:3   | Noticed a seven-headed hydra
 12338 | Lair:3   | Killed a seven-headed hydra
 12339 | Lair:3   | Reached skill level 5 in Dodging
 12378 | Lair:3   | Killed a boulder beetle
 12510 | Lair:3   | Noticed a four-headed hydra
 12529 | Lair:3   | Killed a four-headed hydra
 12530 | Lair:3   | Reached XP level 13. HP: 73/78 MP: 13/13
 12548 | Lair:3   | Noticed Nergalle
 12564 | Lair:3   | Killed Nergalle
 12999 | Lair:3   | Found a staircase to the Shoals.
 13045 | Lair:3   | Received a gift from Trog
 13403 | Lair:4   | Found a snail-covered altar of Cheibriados.
 13876 | Lair:4   | Reached skill level 13 in Shields
 14023 | Lair:4   | Reached ****** piety under Trog
 14382 | Lair:5   | Entered Level 5 of the Lair of Beasts
 14632 | Lair:5   | Found a viscous altar of Jiyva.
 14633 | Lair:5   | Found a staircase to the Slime Pits.
 15036 | Lair:5   | Found a runed translucent door.
 15036 | Lair:5   | Noticed a fire dragon
 15086 | Lair:5   | Reached skill level 14 in Shields
 15129 | Lair:5   | Gained mutation: Your large and strong wings let you fly.
                  | [Gargoyle growth]
 15129 | Lair:5   | Reached XP level 14. HP: 71/86 MP: 14/14
 15804 | Lair:4   | Received a gift from Trog
 16092 | Lair:5   | Reached skill level 15 in Shields
 17296 | D:9      | Gained mutation: You have sharp toenails. [potion of
                  | mutation]
 17296 | D:9      | Gained mutation: Your muscles are strong. (Str +4, Int/Dex
                  | -1) [potion of mutation]
 17487 | D:11     | Killed Harold
 17952 | D:11     | Noticed Maurice
 17957 | D:11     | Killed Maurice
 18073 | D:11     | Reached skill level 5 in Throwing
 18551 | D:12     | Reached skill level 10 in Fighting
 18965 | D:12     | Received a gift from Trog
 19049 | D:12     | Reached skill level 1 in Ranged Weapons
 19119 | D:13     | Reached XP level 15. HP: 92/92 MP: 15/15
 20991 | D:14     | Found an iron altar of Okawaru.
 21515 | D:14     | Found a gate to the Vaults.
 21970 | D:15     | Entered Level 15 of the Dungeon
 22155 | D:15     | Received a gift from Trog
 22571 | D:15     | Found a staircase to the Depths.
 22666 | D:15     | Found a corrupted altar of Lugonu.
 23000 | Orc:1    | Entered Level 1 of the Orcish Mines
 23003 | Orc:1    | Reached skill level 16 in Shields
 23567 | Orc:1    | Reached skill level 15 in Maces & Flails
 23787 | Orc:2    | Entered Level 2 of the Orcish Mines
 24181 | Orc:2    | Reached XP level 16. HP: 88/100 MP: 16/16
 24253 | Orc:2    | Identified the +3 double sword of the Ship {vorpal, *Rage
                  | rPois Dex+3} (Trog gifted it to you on level 2 of the
                  | Orcish Mines)
 24253 | Orc:2    | Received a gift from Trog
 24313 | Orc:2    | Found a staircase to the Elven Halls.
 24402 | Orc:2    | Paralysed by an orc sorcerer for 3 turns
 24414 | Orc:2    | Reached skill level 5 in Ranged Weapons
 24452 | Orc:2    | Found Geidim's Antique Weapon Emporium.
 24967 | Orc:2    | Found Isuguam's General Store.
 24990 | Orc:2    | Found Uxicugh's Antique Weapon Shoppe.
 24992 | Orc:2    | Found Hevaestuph's Armour Shoppe.
 25000 | Orc:2    | Bought the +8 chain mail of Riryist {Regen+} for 721 gold
                  | pieces
 25131 | Orc:2    | Found Sofroekho's General Store.
 25142 | Orc:2    | Bought the ring of Pidec {rPois Str-2 Int+5 SInv} for 487
                  | gold pieces
 25171 | Orc:2    | Bought a +2 plate armour of cold resistance for 560 gold
                  | pieces
 25254 | Orc:1    | Found Qosasyo's Magic Scroll Emporium.
 25335 | Orc:1    | Bought 2 scrolls of teleportation for 78 gold pieces
 25335 | Orc:1    | Bought a scroll of blinking for 97 gold pieces
 25335 | Orc:1    | Bought a scroll of enchant armour for 97 gold pieces
 25464 | Spider:1 | Entered Level 1 of the Spider Nest
 25744 | Spider:1 | Found a frozen archway.
 25797 | IceCv    | Entered an ice cave
 25879 | IceCv    | HP: 4/101 [acid (21)]
 26533 | IceCv    | Received a gift from Trog
 27036 | IceCv    | Noticed an azure jelly
 27038 | IceCv    | Found a viscous altar of Jiyva.
 27038 | IceCv    | Noticed an azure jelly
 27050 | IceCv    | Killed an azure jelly
 27056 | IceCv    | Killed an azure jelly
 27316 | IceCv    | Noticed an azure jelly
 27316 | IceCv    | Noticed a rockslime
 27333 | IceCv    | Killed a rockslime
 27340 | IceCv    | Killed an azure jelly
 28090 | Spider:1 | You are sucked into a shaft and drop 1 floor!
 28380 | Spider:2 | Reached skill level 17 in Shields
 28602 | Spider:1 | Reached XP level 17. HP: 106/106 MP: 17/17
 28605 | Spider:1 | Received a gift from Trog
 29411 | Spider:3 | Noticed Nikola
 29442 | Spider:3 | Killed Nikola
 30008 | Spider:4 | Entered Level 4 of the Spider Nest
 30008 | Spider:4 | Noticed Mlioglotl
 30139 | Spider:4 | Killed Mlioglotl
 30984 | Spider:4 | Got a gossamer rune of Zot
 30988 | Spider:4 | Noticed Asterion
 30989 | Spider:4 | Noticed an Executioner
 31035 | Spider:4 | Gained mutation: You are dopey. (Int -2) [a cacodemon]
 31040 | Spider:4 | Noticed Arachne
 31381 | Spider:4 | Killed Arachne
 31402 | Spider:4 | Noticed an Executioner
 31553 | Spider:4 | Killed Asterion
 31746 | Spider:4 | Identified the +2 hat of the Nexus {*Corrode Will+ Dex+3}
 31786 | Spider:4 | Reached skill level 15 in Armour
 32389 | Shoals:1 | Entered Level 1 of the Shoals
 32421 | Lair:3   | Reached skill level 18 in Shields
 32435 | Lair:3   | Received a gift from Trog
 32728 | Shoals:1 | Reached XP level 18. HP: 114/114 MP: 18/18
 32814 | Shoals:1 | Noticed Kirke
 32848 | Shoals:1 | Shot with an arrow by a centaur warrior

Illustrated notes

Levels and vault maps discovered:
D:1:      kilobyte_arrival_exit_the_forest, layout_basic, supply_closet_lemuel,
          minmay_misc_feat_four_crosses, serial_bayou_ford_a
D:2:      layout_basic, serial_shops, shop, grunt_decor_fettered
D:3:      layout_basic, hellmonk_ecumenical_altar_arch_garden, uniq_robin
D:4:      layout_rooms, nicolae_uskayaw_en_pointe, dk_noncrumbling_2,
          ebering_dispersal_statue_hall, uniq_ijyb
D:5:      kennysheep_slugbush, layout_cave_pools, grunt_gozag_breadcrumbs,
          minmay_shop_damaged, minmay_holes, uniq_edmund, uniq_pikel
D:6:      layout_cave_pods, grunt_temple_overflow_holy_war, led_sif_book,
          mainiacjoe_overflow_alcove_2, lightli_temple_of_fire,
          minmay_temple_entry_waves
D:7:      minmay_the_grid_octo_tiled_squarecenter
          [minmay_the_grid_octo_checkerflower, minmay_the_grid_octo_horde,
          minmay_the_grid_octo_empty, minmay_the_grid_octo_tetromino_candy,
          minmay_the_grid_square_5x5_megaprize_diamond,
          minmay_the_grid_square_5x5_three, minmay_the_grid_square_5x5_v,
          minmay_the_grid_square_5x5_meh, minmay_the_grid_square_5x5_spiral],
          layout_loops_ring, general_overflow_altar,
          mainiacjoe_overflow_catwalk_spiral, serial_glass, glass_columns_b,
          glass_columns_a
D:8:      layout_rooms, nicolae_ashenzari_panopticon
D:9:      gammafunk_corrupted_shrine, layout_rooms,
          grunt_temple_overflow_forces_of_nature, mainiacjoe_overflow_24_doors,
          dpeg_oklobed_lair, orc_david_3, grunt_ministairs_1
D:10:     layout_gridville, nicolae_overflow_hidden_temple,
          gammafunk_ghost_abyssal_escape
D:11:     layout_roguey, nrook_guardian_serpent_ordinary, uniq_harold,
          uniq_maurice
D:12:     layout_stronghold
D:13:     layout_rooms
D:14:     layout_loops_corners, grunt_vaults_entry_fortified,
          okawaru_ov_weapons_minmay
D:15:     grunt_enter_depths_magical_seal, layout_long_grid, tgw_lugonu_bribe
Lair:1:   layout_small_grid, lemuel_altar_in_water2, st_stairs_8,
          infiniplex_staircase_pool, grunt_megastairs_4
Lair:2:   layout_cave_pods, nicolae_spider_entry_non_spiders,
          infiniplex_staircase_pool_2, grunt_megastairs_3
Lair:3:   layout_cellular_growth, shoals_dummy_entry, serial_rivers,
          chequers_serial_rivers_micro_b, chequers_serial_rivers_micro_d,
          chequers_serial_rivers_micro_b, chequers_serial_rivers_room_a,
          chequers_serial_rivers_micro_b, hangedman_lair_generics_rect,
          serial_bayou_shore_b, uniq_nergalle
Lair:4:   layout_gridlike, basic_altar
Lair:5:   wormcave, layout_loops_ring, guppyfry_lair_end_dragon, slime_entry_1,
          dreamdust_wasp_nest
Shoals:1: layout_shoals, ebering_ghost_disaster_area, uniq_kirke
Spider:1: layout_cave_pods, portal_ice_cave_entry_dragon
Spider:2: layout_spider_delve
Spider:3: layout_spider_delve, uniq_nikola
Spider:4: johnstein_spider_rune_arachne_lair, uniq_asterion, uniq_mlioglotl,
          uniq_arachne
Orc:1:    layout_diamond_mine, serial_shops, nicolae_shop_crystal, basic_altar
Orc:2:    hellmonk_orc_salted, layout_caves, serial_shops, nicolae_shop_trees

Skill      XL: |  1  2  3  4  5  6  7  8  9 10 11 12 13 14 15 16 17 |
---------------+----------------------------------------------------+-----
Maces & Flails | 4 5 6 7 8 10 11 12 13 14 15 16 | 16.5
Dodging        | 2 3 4 5 6 7 |  7.2
Armour         | 3 4 5 6 7 9 10 11 12 13 14 15 | 15.1
Fighting       | 4 5 6 7 8 9 10 11 12 13 | 13.2
Shields        | 1 2 3 6 7 9 10 12 14 15 16 17 18 | 18.1
Stealth        | 1 2 3 4 |  4.5
Throwing       | 1 2 3 4 5 |  5.4
Ranged Weapons | 1 4 7 8 |  8.8

Action                   |  1- 3 |  4- 6 |  7- 9 | 10-12 | 13-15 | 16-18 || total
-------------------------+-------+-------+-------+-------+-------+-------++-------
Melee: Mace              |    70 |       |       |       |       |       ||    70
       Flail             |       |   150 |   177 |   608 |   897 |       ||  1832
       Kick              |       |       |       |       |   223 |   169 ||   392
       Eveningstar       |       |       |       |       |   267 |  1084 ||  1351
       Demon whip        |       |       |       |       |       |    46 ||    46
       Unarmed           |       |       |       |       |       |     2 ||     2
 Fire: Hand crossbow     |       |       |       |       |       |    95 ||    95
Throw: Stone             |       |     3 |    14 |    64 |       |       ||    81
       Boomerang         |       |       |       |     8 |    52 |    11 ||    71
Invok: Berserk           |     1 |     1 |     1 |     4 |     6 |     6 ||    19
       Trog's Hand       |       |       |       |       |       |     1 ||     1
  Use: Scroll            |       |     4 |       |     3 |    24 |     7 ||    38
       Potion            |       |     1 |       |       |     5 |     7 ||    13
 Stab: Sleeping          |       |       |       |     1 |       |       ||     1
       Held in net/web   |       |       |       |       |     1 |       ||     1
       Distracted        |       |       |       |       |     1 |       ||     1
Armor: Animal skin       |    20 |    18 |       |       |       |       ||    38
       Leather armour    |       |    19 |    38 |    36 |       |       ||    93
       Acid dragon scale |       |       |       |    38 |       |       ||    38
       Steam dragon scal |       |       |       |     2 |       |       ||     2
       Scale mail        |       |       |       |    73 |   251 |       ||   324
       Chain mail        |       |       |       |       |   120 |   703 ||   823
       Plate armour      |       |       |       |       |       |    82 ||    82
Dodge: Dodged            |    33 |    74 |    82 |   245 |   338 |   550 ||  1322
Block: Buckler           |       |    30 |   102 |   318 |   683 |   870 ||  2003
       Reflection        |       |     2 |    12 |    25 |    36 |    35 ||   110
       Kite shield       |       |       |       |       |       |   167 ||   167
       Other             |       |       |       |       |       |     2 ||     2
